 Dungeon Crawl Stone Soup version 0.29.1-15-g9cfb28693d (webtiles) character file.

Game seed: 5486704702399047907

2 hawla the Firebug (level 1, -1/14 HPs)
             Began as a Meteoran Fire Elementalist on Mar 21, 2023.
             Slain by a frilled lizard (3 damage)
             ... on level 1 of the Dungeon.
             The game lasted 00:00:26 (36 turns).

hawla the Firebug (Meteoran Fire Elementalist)        Turns: 36, Time: 00:00:27

Health: -1/14      AC:  2    Str:  9    XL:     1   Next: 57%
Magic:  5/5        EV: 12    Int: 16    God:
Gold:   18         SH:  0    Dex: 14    Spells: 4/5 levels left

rFire   . . .      SeeInvis .   (no weapon)
rCold   . . .      Faith    .   (no shield)
rNeg    . . .      Spirit   .   a - +0 robe
rPois   .          Reflect  .   (no helmet)
rElec   .          Harm     .   (no cloak)
rCorr   .          Rampage  .   (no gloves)
Will    .....                   (no boots)
Stlth   +.........              (no amulet)
HPRegen 0.04/turn               (no ring)
MPRegen 0.09/turn               (no ring)

@: glowing
A: sense surroundings 1, otherworldly, glowing, explore regen
a: no special abilities


You were on level 1 of the Dungeon.
You visited 1 branch of the dungeon, and saw 2 of its levels.

You collected 18 gold pieces.

Inventory:

Armour
 a - a +0 robe (worn)
Potions
 b - a potion of magic


   Skills:
 + Level 2.6 Dodging
 - Level 1.4 Stealth
 + Level 2.6 Spellcasting
 + Level 1.2 Conjurations
 + Level 3.7 Fire Magic


You had 4 spell levels left.
You knew the following spells:

 Your Spells              Type           Power      Damage    Failure   Level
a - Foxfire               Conj/Fire      40%        2x1d6     7%          1

Your spell library contained the following spells:

 Spells                   Type           Power      Damage    Failure   Level
 Scorch                   Fire           28%        2d6       6%          2
 Conjure Flame            Conj/Fire      10%        6-21      22%         3
 Inner Flame              Hex/Fire       8%         N/A       26%         3
 Flame Wave               Conj/Fire      10%        2d6       56%         4


Dungeon Overview and Level Annotations

Branches:
Dungeon (2/15) Zot: 1164

Altars:

Annotations:
D:2 Jessica, Terence


Innate Abilities, Weirdness & Mutations

You passively map a small area around you.
You are easily found by Zot.
You glow in the dark.
You regain HP and MP as you explore.


Message History

The endoplasm attacks as you move away! The endoplasm barely misses you.
The frilled lizard bites you.
There is a stone staircase leading up, spattered with blood here.
The endoplasm hits you. The frilled lizard closely misses you.
Jessica casts a spell.
Jessica blinks!
The frilled lizard closely misses you.
You climb upwards.
The kobold shouts!
The frilled lizard hisses angrily.
Found 13 gold pieces.
There is a stone staircase leading down here.
You closely miss the frilled lizard. The frilled lizard barely misses you.
The frilled lizard misses you.
You miss the frilled lizard.
The frilled lizard bites you but does no damage.
The frilled lizard bites you.
The endoplasm jiggles.
You barely miss the frilled lizard. The frilled lizard bites you. x2
You hit the frilled lizard. Your punch misses the frilled lizard.
The frilled lizard is heavily wounded.
The frilled lizard closely misses you. The frilled lizard bites you.
* * * LOW HITPOINT WARNING * * *
You hit the frilled lizard.
You kill the frilled lizard!
A goblin comes into view. It is wielding a +0 club.
The goblin shouts!
You hit the frilled lizard but do no damage.
The frilled lizard closely misses you.
You hit the frilled lizard.
The frilled lizard is heavily wounded.
The frilled lizard misses you.
The frilled lizard bites you but does no damage.
You hit the frilled lizard.
You kill the frilled lizard!
The frilled lizard misses you. The frilled lizard bites you.
* * * LOW HITPOINT WARNING * * *
You see here a frilled lizard corpse.
The frilled lizard attacks as you move away!
The frilled lizard bites you.
You die...

* # , , #.* *
##.## ..... * *
......* ,
....g$### * ,
.....Jl># *
......#@#
,..$..,#.#*, * *
* .... #.# ... ,
*### *#.# ....
#.. ... * *
##############.#
* * ,,
........#......#
######>#.....##
* ,
#.............#
*


You could see an endoplasm, a goblin and a frilled lizard.

Vanquished Creatures
  A hobgoblin (D:1)
  2 frilled lizards (D:1)
3 creatures vanquished.

Vanquished Creatures (others)
  2 foxfires (D:1)
2 creatures vanquished.

Grand Total: 5 creatures vanquished

Notes
Turn   | Place    | Note
-------+----------+-------------------------------------------
     0 | D:1      | hawla the Meteoran Fire Elementalist began the quest for
                  | the Orb.
     0 | D:1      | Reached XP level 1. HP: 14/14 MP: 5/5
    19 | D:2      | Noticed Terence
    19 | D:2      | Noticed Jessica
    36 | D:1      | Slain by a frilled lizard

Illustrated notes

Levels and vault maps discovered:
D:1:      psy_arrival_terrarium, layout_loops_ring, basic_ecumenical_altar
D:2:      layout_rooms, serial_shops, nicolae_shop_behind_doors,
          minmay_misc_feat_ornament, minmay_cut_off, uniq_terence, uniq_jessica

Action                   || total
-------------------------++-------
Melee: Unarmed           ||    10
 Cast: Foxfire           ||     1
Armor: Robe              ||     3
Dodge: Dodged            ||    16
